General information
- name: BNet
- type: Ladder team game (AT/RT)
- host: Battle.net
- saver: iggy_the_fisk
map: SilverpineForest
- players: 6
- length: 102:44
- speed: Fast
- version: 1.27 W3XP
- replay type:

» download(628 KB)
Players
team 1 (winner)
friends4friends (
green | 65 APM | 6673 actions | 102:40)
9 Blademaster
3 Wind Walk
3 Critical Strike
1 Bladestorm
2 Mirror Image
» actions
| Assign group hotkey | 32 | |
| Basic commands | 226 | |
| Build / train | 120 | |
| ESC pressed | 9 | |
| Enter build submenu | 79 | |
| Enter hero's abilities submenu | 10 | |
| Give item / drop item | 35 | |
| Right click | 3810 | |
| Select / deselect | 758 | |
| Select group hotkey | 1088 | |
| Use ability | 505 | |
6673 total
» units
| Peon | 17 | |
| Troll Batrider | 8 | |
| Goblin Shredder | 1 | |
| Goblin Zeppelin | 2 | |
| Raider | 2 | |
| Shaman | 2 | |
| Troll Witch Doctor | 2 | |
| Spirit Walker | 2 | |
| Wind Rider | 13 | |
49 total
» upgrades
| Liquid Fire | 1 | |
| Spiked Barricades | 3 | |
| Ranged Weapons | 3 | |
| Armor | 3 | |
| Troll Regeneration | 1 | |
| Envenomed Spears | 1 | |
| War Drums Damage Increase | 1 | |
| Ensnare | 1 | |
| Reinforced Defenses | 1 | |
| Shaman Training | 2 | |
| Witch Doctor Training | 2 | |
| Spirit Walker Training | 2 | |
| Melee Weapons | 3 | |
| Burning Oil | 1 | |
| Berserker Upgrade | 1 | |
| Berserker Strength | 1 | |
| Pillage | 1 | |
| Backpack | 1 | |
| Pulverize | 1 | |
30 total
» buildings
| Altar of Storms | 3 | |
| War Mill | 1 | |
| Orc Burrow | 13 | |
| Voodoo Lounge | 3 | |
| Watch Tower | 34 | |
| Stronghold | 4 | |
| Fortress | 3 | |
| Beastiary | 4 | |
| Great Hall | 3 | |
| Barracks | 1 | |
| Spirit Lodge | 3 | |
| Tauren Totem | 1 | |
73 total
» build order
00:08 Altar of Storms
00:18 War Mill
00:20 Orc Burrow
00:54 Voodoo Lounge
01:41 Watch Tower
02:28 Watch Tower
03:05 Stronghold
03:05 Stronghold
03:06 Stronghold
03:53 Watch Tower
03:58 Watch Tower
03:58 Watch Tower
04:10 Watch Tower
04:30 Orc Burrow
05:26 Fortress
05:26 Fortress
05:34 Beastiary
05:34 Beastiary
05:42 Watch Tower
06:06 Watch Tower
06:30 Voodoo Lounge
06:33 Voodoo Lounge
07:42 Watch Tower
07:43 Watch Tower
08:08 Watch Tower
08:08 Watch Tower
08:10 Orc Burrow
09:01 Great Hall
09:14 Watch Tower
09:15 Watch Tower
09:16 Watch Tower
09:25 Watch Tower
09:56 Orc Burrow
10:22 Watch Tower
10:31 Watch Tower
10:57 Watch Tower
10:57 Watch Tower
12:08 Watch Tower
12:08 Watch Tower
12:16 Watch Tower
12:18 Watch Tower
13:12 Watch Tower
13:13 Watch Tower
13:23 Watch Tower
13:24 Watch Tower
13:38 Watch Tower
13:39 Watch Tower
14:47 Watch Tower
14:48 Watch Tower
16:49 Barracks
18:18 Watch Tower
18:18 Watch Tower
18:24 Spirit Lodge
28:47 Tauren Totem
36:13 Great Hall
38:46 Great Hall
39:36 Altar of Storms
41:33 Stronghold
43:39 Orc Burrow
43:50 Altar of Storms
43:57 Beastiary
44:15 Beastiary
48:07 Orc Burrow
49:48 Spirit Lodge
49:57 Spirit Lodge
50:37 Orc Burrow
50:47 Orc Burrow
50:51 Orc Burrow
52:07 Orc Burrow
52:11 Orc Burrow
52:22 Orc Burrow
52:48 Orc Burrow
» items
| Healing Salve | 5 | |
| Lesser Clarity Potion | 4 | |
| Staff of Teleportation | 1 | |
| Boots of Speed | 1 | |
| Orb of Lightning | 4 | |
| Potion of Healing | 2 | |
| Pendant of Energy | 1 | |
| Potion of Greater Healing | 1 | |
| Hood of Cunning | 1 | |
| Legion Doom-Horn | 1 | |
| Claws of Attack +12 | 1 | |
| Ancient Janggo of Endurance | 1 | |
23 total
iggy_the_fisk (
red | 88 APM | 9060 actions | 102:44)
8 Archmage
3 Blizzard
3 Brilliance Aura
1 Mass Teleport
1 Summon Water Elemental
8 Blood Mage
3 Flame Strike
3 Siphon Mana
1 Summon Phoenix
1 Banish
» actions
| Assign group hotkey | 631 | |
| Basic commands | 231 | |
| Build / train | 194 | |
| Enter build submenu | 146 | |
| Enter hero's abilities submenu | 18 | |
| Give item / drop item | 17 | |
| Remove unit from queue | 6 | |
| Right click | 3848 | |
| Select / deselect | 1035 | |
| Select group hotkey | 2266 | |
| Use ability | 667 | |
9060 total
» units
| Peasant | 18 | |
| Dragonhawk Rider | 22 | |
| Priest | 2 | |
| Sorceress | -1 | |
41 total
» upgrades
| Masonry | 3 | |
| Lumber Harvesting | 2 | |
| Magic Sentry | 1 | |
| Swords | 4 | |
| Armor | 4 | |
| Animal War Training | 1 | |
| Sorceress Training | 2 | |
| Priest Training | 2 | |
| Cloud | 1 | |
20 total
» buildings
| Altar of Kings | 1 | |
| Farm | 15 | |
| Lumber Mill | 1 | |
| Scout Tower | 172 | |
| Arcane Vault | 1 | |
| Arcane Tower | 21 | |
| Guard Tower | 66 | |
| Keep | 1 | |
| Castle | 1 | |
| Arcane Sanctum | 2 | |
| Town Hall | 2 | |
| Barracks | 1 | |
| Blacksmith | 1 | |
| Gryphon Aviary | 4 | |
289 total
» build order
00:23 Altar of Kings
00:52 Farm
01:08 Lumber Mill
01:24 Scout Tower
01:26 Scout Tower
01:30 Farm
01:33 Scout Tower
01:48 Arcane Vault
02:00 Arcane Tower
02:02 Arcane Tower
02:07 Scout Tower
02:13 Scout Tower
02:19 Guard Tower
02:20 Scout Tower
02:28 Scout Tower
02:31 Scout Tower
02:38 Scout Tower
02:45 Guard Tower
02:50 Guard Tower
02:51 Scout Tower
03:18 Arcane Tower
03:20 Guard Tower
03:21 Scout Tower
03:42 Guard Tower
03:43 Scout Tower
03:53 Guard Tower
03:56 Scout Tower
03:57 Guard Tower
03:58 Scout Tower
04:03 Keep
04:24 Guard Tower
04:49 Scout Tower
04:51 Scout Tower
05:20 Guard Tower
05:20 Scout Tower
05:54 Guard Tower
05:56 Guard Tower
06:07 Scout Tower
06:32 Scout Tower
06:35 Farm
06:38 Guard Tower
07:04 Guard Tower
07:09 Castle
07:11 Arcane Sanctum
07:13 Arcane Sanctum
07:17 Scout Tower
07:46 Guard Tower
07:52 Scout Tower
08:14 Scout Tower
08:51 Guard Tower
09:05 Scout Tower
09:06 Scout Tower
09:07 Guard Tower
09:22 Scout Tower
09:30 Farm
10:01 Arcane Tower
10:01 Guard Tower
10:02 Guard Tower
10:03 Scout Tower
10:14 Scout Tower
10:31 Scout Tower
10:32 Scout Tower
10:33 Guard Tower
10:46 Guard Tower
10:49 Scout Tower
10:49 Scout Tower
10:51 Scout Tower
10:52 Scout Tower
10:53 Scout Tower
10:54 Scout Tower
10:55 Scout Tower
10:56 Scout Tower
10:57 Scout Tower
10:57 Scout Tower
11:16 Arcane Tower
11:49 Guard Tower
11:51 Scout Tower
12:41 Guard Tower
12:49 Scout Tower
13:21 Guard Tower
13:57 Guard Tower
14:07 Scout Tower
14:47 Scout Tower
14:57 Guard Tower
15:33 Guard Tower
15:34 Scout Tower
16:05 Guard Tower
16:41 Guard Tower
16:44 Scout Tower
16:45 Scout Tower
16:45 Scout Tower
16:46 Scout Tower
16:47 Scout Tower
17:48 Arcane Tower
17:49 Guard Tower
18:24 Guard Tower
18:26 Scout Tower
18:26 Scout Tower
18:27 Scout Tower
18:32 Scout Tower
18:32 Scout Tower
18:34 Scout Tower
18:35 Scout Tower
18:58 Guard Tower
19:08 Guard Tower
19:09 Scout Tower
19:09 Scout Tower
19:16 Guard Tower
19:18 Scout Tower
19:18 Scout Tower
19:19 Scout Tower
19:20 Scout Tower
19:21 Scout Tower
20:25 Guard Tower
20:29 Scout Tower
20:30 Scout Tower
20:49 Scout Tower
20:55 Guard Tower
21:43 Guard Tower
22:23 Guard Tower
22:25 Scout Tower
22:26 Scout Tower
22:27 Scout Tower
22:27 Scout Tower
22:28 Scout Tower
22:38 Scout Tower
22:56 Town Hall
23:17 Scout Tower
23:18 Scout Tower
23:19 Scout Tower
23:20 Scout Tower
23:22 Scout Tower
23:22 Scout Tower
23:23 Scout Tower
23:24 Scout Tower
23:27 Scout Tower
23:28 Scout Tower
23:36 Arcane Tower
24:03 Town Hall
24:19 Scout Tower
24:20 Scout Tower
24:20 Scout Tower
24:21 Scout Tower
24:23 Scout Tower
24:24 Scout Tower
24:24 Scout Tower
24:25 Scout Tower
24:28 Scout Tower
24:29 Scout Tower
24:34 Scout Tower
24:35 Scout Tower
24:49 Scout Tower
24:50 Scout Tower
24:51 Scout Tower
24:51 Scout Tower
24:54 Arcane Tower
24:57 Guard Tower
24:59 Scout Tower
25:00 Scout Tower
25:02 Scout Tower
25:03 Scout Tower
25:19 Arcane Tower
25:21 Guard Tower
25:27 Scout Tower
25:28 Scout Tower
25:40 Barracks
25:41 Blacksmith
25:42 Gryphon Aviary
25:48 Guard Tower
25:56 Guard Tower
26:59 Guard Tower
27:01 Scout Tower
27:02 Scout Tower
27:05 Scout Tower
27:05 Scout Tower
27:09 Scout Tower
27:09 Scout Tower
27:10 Scout Tower
27:15 Scout Tower
27:16 Scout Tower
27:17 Scout Tower
27:42 Guard Tower
27:45 Scout Tower
27:46 Scout Tower
27:52 Arcane Tower
27:56 Guard Tower
27:58 Guard Tower
28:30 Arcane Tower
28:47 Guard Tower
28:50 Scout Tower
28:51 Scout Tower
28:51 Scout Tower
28:58 Guard Tower
29:03 Scout Tower
29:03 Scout Tower
29:04 Scout Tower
29:15 Farm
29:16 Farm
29:17 Farm
29:17 Farm
30:00 Guard Tower
32:43 Guard Tower
32:49 Guard Tower
40:31 Scout Tower
40:40 Scout Tower
41:00 Arcane Tower
41:01 Scout Tower
41:39 Guard Tower
42:13 Scout Tower
42:16 Scout Tower
42:21 Gryphon Aviary
43:20 Guard Tower
43:22 Scout Tower
43:24 Scout Tower
44:17 Gryphon Aviary
44:55 Guard Tower
44:59 Scout Tower
45:02 Scout Tower
45:03 Scout Tower
45:13 Gryphon Aviary
46:42 Guard Tower
46:48 Scout Tower
46:49 Scout Tower
46:59 Scout Tower
47:00 Scout Tower
47:01 Scout Tower
47:03 Scout Tower
47:44 Guard Tower
48:01 Guard Tower
48:29 Farm
48:30 Farm
48:31 Farm
48:31 Farm
48:32 Farm
48:33 Farm
49:31 Arcane Tower
49:32 Guard Tower
49:33 Guard Tower
50:41 Farm
60:10 Scout Tower
60:11 Scout Tower
60:13 Scout Tower
60:14 Scout Tower
60:37 Guard Tower
60:48 Scout Tower
60:49 Scout Tower
60:54 Scout Tower
60:55 Scout Tower
61:01 Scout Tower
61:04 Scout Tower
61:05 Scout Tower
61:15 Scout Tower
61:16 Guard Tower
61:17 Guard Tower
61:43 Arcane Tower
61:44 Guard Tower
61:49 Scout Tower
61:56 Guard Tower
62:20 Arcane Tower
62:24 Arcane Tower
62:51 Guard Tower
63:20 Guard Tower
63:49 Scout Tower
63:50 Scout Tower
63:56 Scout Tower
64:22 Arcane Tower
64:23 Guard Tower
64:44 Arcane Tower
68:08 Scout Tower
68:09 Scout Tower
68:11 Scout Tower
68:15 Scout Tower
68:16 Scout Tower
68:16 Scout Tower
68:17 Scout Tower
68:18 Scout Tower
69:38 Scout Tower
69:40 Scout Tower
69:41 Scout Tower
69:43 Scout Tower
69:43 Scout Tower
69:45 Scout Tower
69:47 Scout Tower
70:16 Arcane Tower
70:39 Scout Tower
71:30 Scout Tower
72:25 Arcane Tower
72:29 Arcane Tower
» items
| Healing Salve | 6 | |
| Orb of Lightning | 2 | |
| Staff of Sanctuary | 2 | |
| Staff of Teleportation | 3 | |
| Lesser Clarity Potion | 2 | |
| Boots of Speed | 2 | |
| Scroll of Regeneration | 1 | |
| Mechanical Critter | 2 | |
20 total
onkelarne.se (
blue | 90 APM | 9193 actions | 102:40)
8 Warden
3 Shadow Strike
3 Blink
1 Fan of Knives
1 Spirit of Vengeance
7 Pandaren Brewmaster
3 Breath of Fire
3 Drunken Haze
1 Storm Earth and Fire
4 Goblin Alchemist
2 Healing Spray
2 Chemical Rage
1 Blademaster
1 Mirror Image
» actions
| Assign group hotkey | 154 | |
| Basic commands | 188 | |
| Build / train | 158 | |
| ESC pressed | 8 | |
| Enter build submenu | 26 | |
| Enter hero's abilities submenu | 27 | |
| Give item / drop item | 44 | |
| Right click | 5481 | |
| Select / deselect | 1746 | |
| Select group hotkey | 884 | |
| Use ability | 465 | |
9193 total
» units
| Wisp | 35 | |
| Druid of the Talon | 22 | |
57 total
» upgrades
| Ultravision | 1 | |
| Well Spring | 1 | |
| Nature's Blessing | 1 | |
| Strength of the Wild | 3 | |
| Reinforced Hides | 3 | |
| Druid of the Talon Training | 2 | |
| Mark of the Talon | 1 | |
12 total
» buildings
| Altar of Elders | 2 | |
| Moon Well | 10 | |
| Tree of Ages | 7 | |
| Hunter's Hall | 1 | |
| Tree of Eternity | 2 | |
| Ancient of Wonders | 1 | |
| Tree of Life | 3 | |
| Ancient of Wind | 2 | |
28 total
» build order
00:21 Altar of Elders
00:24 Moon Well
01:50 Moon Well
05:14 Tree of Ages
05:14 Tree of Ages
06:47 Hunter's Hall
07:58 Tree of Eternity
08:53 Moon Well
08:55 Moon Well
11:43 Ancient of Wonders
12:16 Moon Well
12:17 Moon Well
13:23 Moon Well
13:24 Moon Well
14:49 Tree of Life
25:52 Ancient of Wind
25:53 Ancient of Wind
38:22 Tree of Life
47:42 Altar of Elders
47:48 Tree of Ages
47:49 Tree of Ages
47:49 Tree of Ages
50:10 Tree of Eternity
82:38 Tree of Life
86:32 Moon Well
86:33 Moon Well
» items
| Lesser Clarity Potion | 11 | |
| Boots of Speed | 2 | |
| Staff of Teleportation | 3 | |
| Circlet of Nobility | 1 | |
| Scroll of Regeneration | 1 | |
| Orb of Lightning | 2 | |
| Healing Salve | 5 | |
| Staff of Preservation | 1 | |
| Staff of Sanctuary | 1 | |
| Khadgar's Gem of Health | 5 | |
| Moonstone | 1 | |
| Medallion of Courage | 1 | |
| Crystal Ball | 1 | |
| Ancient Janggo of Endurance | 1 | |
| Helm of Valor | 1 | |
| Hood of Cunning | 1 | |
| Pendant of Mana | 2 | |
40 total
team 2 (loser)
Bogir (
purple | 84 APM | 5858 actions | 69:31)
4 Far Seer
2 Feral Spirit
1 Chain Lighting
1 Far Sight
3 Tauren Chieftain
1 War Stomp
2 Endurance Aura
» actions
| Assign group hotkey | 53 | |
| Basic commands | 119 | |
| Build / train | 155 | |
| ESC pressed | 5 | |
| Enter build submenu | 58 | |
| Enter hero's abilities submenu | 8 | |
| Remove unit from queue | 2 | |
| Right click | 2945 | |
| Select / deselect | 1104 | |
| Select group hotkey | 1099 | |
| Use ability | 309 | |
5858 total
» units
| Peon | 30 | |
| Grunt | 10 | |
| Demolisher | 8 | |
| Wind Rider | 41 | |
| Goblin Sapper | 9 | |
| Goblin Zeppelin | 1 | |
| Troll Witch Doctor | 3 | |
| Troll Batrider | 19 | |
121 total
» upgrades
| Ranged Weapons | 3 | |
| Armor | 2 | |
| Envenomed Spears | 1 | |
| Reinforced Defenses | 1 | |
| Witch Doctor Training | 2 | |
9 total
» buildings
| Altar of Storms | 2 | |
| Orc Burrow | 6 | |
| Barracks | 1 | |
| Voodoo Lounge | 1 | |
| Stronghold | 1 | |
| War Mill | 3 | |
| Beastiary | 2 | |
| Watch Tower | 35 | |
| Fortress | 1 | |
| Great Hall | 1 | |
| Spirit Lodge | 1 | |
54 total
» build order
00:06 Altar of Storms
00:09 Altar of Storms
00:13 Orc Burrow
00:39 Barracks
01:28 Orc Burrow
01:58 Voodoo Lounge
03:36 Stronghold
04:20 War Mill
04:23 Orc Burrow
06:37 Beastiary
06:53 Watch Tower
07:52 Orc Burrow
08:05 Watch Tower
08:22 Watch Tower
08:55 Orc Burrow
09:33 Watch Tower
10:45 Watch Tower
12:22 Watch Tower
12:49 Fortress
14:00 Watch Tower
18:45 Great Hall
22:46 Orc Burrow
22:49 Watch Tower
23:25 Watch Tower
23:50 Beastiary
24:03 Watch Tower
24:05 Watch Tower
24:09 Watch Tower
24:52 Watch Tower
24:58 Watch Tower
25:47 Watch Tower
25:49 Watch Tower
30:17 Watch Tower
30:56 Watch Tower
31:38 Watch Tower
40:21 Spirit Lodge
44:54 War Mill
45:00 War Mill
51:43 Watch Tower
51:50 Watch Tower
52:39 Watch Tower
52:41 Watch Tower
53:27 Watch Tower
59:09 Watch Tower
59:33 Watch Tower
60:02 Watch Tower
60:38 Watch Tower
61:09 Watch Tower
61:46 Watch Tower
61:52 Watch Tower
62:28 Watch Tower
62:59 Watch Tower
63:01 Watch Tower
64:00 Watch Tower
» items
| Healing Salve | 4 | |
| Potion of Healing | 2 | |
| Lesser Clarity Potion | 4 | |
| Scroll of Speed | 1 | |
| Scroll of Town Portal | 1 | |
12 total
Order_66 (
pink | 29 APM | 2971 actions | 102:40)
5 Blademaster
3 Wind Walk
2 Critical Strike
4 Shadow Hunter
2 Healing Wave
2 Hex
» actions
| Assign group hotkey | 50 | |
| Basic commands | 45 | |
| Build / train | 118 | |
| ESC pressed | 1 | |
| Enter build submenu | 31 | |
| Enter hero's abilities submenu | 10 | |
| Right click | 1248 | |
| Select / deselect | 803 | |
| Select group hotkey | 556 | |
| Use ability | 109 | |
2971 total
» units
| Peon | 16 | |
| Grunt | 6 | |
| Shaman | 7 | |
| Demolisher | 22 | |
| Tauren | 12 | |
| Troll Batrider | 23 | |
| Chimaera | 3 | |
| Hippogryph | 3 | |
| Wind Rider | 1 | |
93 total
» upgrades
| Shaman Training | 2 | |
| Armor | 3 | |
| Burning Oil | 1 | |
| Ranged Weapons | 2 | |
| Pillage | 1 | |
9 total
» buildings
| Altar of Storms | 1 | |
| Orc Burrow | 7 | |
| Barracks | 1 | |
| Voodoo Lounge | 1 | |
| Stronghold | 1 | |
| War Mill | 1 | |
| Spirit Lodge | 1 | |
| Fortress | 1 | |
| Tauren Totem | 1 | |
| Great Hall | 3 | |
| Watch Tower | 13 | |
| Beastiary | 1 | |
32 total
» build order
00:12 Altar of Storms
00:22 Orc Burrow
00:37 Barracks
01:36 Orc Burrow
01:52 Voodoo Lounge
03:12 Stronghold
03:48 Orc Burrow
04:11 War Mill
04:35 Orc Burrow
05:39 Spirit Lodge
07:41 Fortress
08:51 Orc Burrow
10:34 Tauren Totem
13:31 Great Hall
13:40 Watch Tower
13:45 Watch Tower
13:46 Watch Tower
14:38 Orc Burrow
14:44 Orc Burrow
15:03 Watch Tower
25:42 Watch Tower
31:32 Great Hall
31:36 Watch Tower
34:27 Great Hall
34:42 Watch Tower
34:42 Watch Tower
34:44 Watch Tower
37:02 Watch Tower
37:03 Watch Tower
37:05 Watch Tower
37:07 Watch Tower
61:19 Beastiary
» items
| Healing Salve | 2 | |
| Potion of Healing | 1 | |
3 total
Spectah (
orange | 85 APM | 5913 actions | 69:25)
4 Priestess of the Moon
2 Trueshot Aura
2 Searing Arrows
» actions
| Assign group hotkey | 82 | |
| Basic commands | 28 | |
| Build / train | 119 | |
| Enter build submenu | 25 | |
| Enter hero's abilities submenu | 4 | |
| Remove unit from queue | 17 | |
| Right click | 4788 | |
| Select / deselect | 767 | |
| Select group hotkey | 47 | |
| Use ability | 36 | |
5913 total
» units
| Wisp | 28 | |
| Huntress | 13 | |
| Glaive Thrower | 13 | |
| Chimaera | 23 | |
| Hippogryph | 6 | |
83 total
» upgrades
| Ultravision | 1 | |
| Vorpal Blades | 1 | |
| Strength of the Moon | 1 | |
| Upgrade Moon Glaive | 1 | |
| Corrosive Breath | 1 | |
| Strength of the Wild | 3 | |
| Reinforced Hides | 3 | |
| Moon Armor | 1 | |
12 total
» buildings
| Altar of Elders | 1 | |
| Moon Well | 8 | |
| Hunter's Hall | 1 | |
| Ancient of War | 2 | |
| Ancient of Wonders | 1 | |
| Tree of Ages | 1 | |
| Tree of Eternity | 1 | |
| Tree of Life | 1 | |
| Ancient of Wind | 1 | |
| Chimaera Roost | 2 | |
| Ancient Protector | 2 | |
21 total
» build order
00:05 Altar of Elders
00:25 Moon Well
01:40 Hunter's Hall
01:48 Ancient of War
02:00 Moon Well
02:20 Ancient of War
03:18 Moon Well
04:09 Ancient of Wonders
05:26 Moon Well
09:44 Tree of Ages
12:32 Moon Well
12:34 Moon Well
14:14 Tree of Eternity
15:19 Tree of Life
21:44 Ancient of Wind
23:07 Chimaera Roost
23:12 Chimaera Roost
26:19 Ancient Protector
26:25 Ancient Protector
27:05 Moon Well
27:07 Moon Well
Chat log
(00:06 / All) iggy_the_fisk: 1 friendly pizza
(00:14 / All) iggy_the_fisk: good lucke
(00:15 / All) iggy_the_fisk: have fun
(08:03 / All) Spectah: really this shit again
(08:09 / All) iggy_the_fisk: ?
(08:55 / All) iggy_the_fisk: ur tc
(09:45 / All) iggy_the_fisk: ur seer
(09:54 / All) iggy_the_fisk: borgir play better
(13:41 / All) Spectah: iggy you must be the biggest cunt alive
(13:45 / All) friends4friends: what
(13:46 / All) Spectah: and we waited for you
(13:47 / All) iggy_the_fisk: i am the greatest
(19:02 / All) iggy_the_fisk: noobs
(19:12 / All) friends4friends: you guys ever play warcraft 3
(19:16 / All) Spectah: well says the guy hifing behind towers
(19:20 / All) friends4friends: or is this your first game
(19:25 / All) iggy_the_fisk: says the guy winning w/o units
(19:34 / All) Spectah: well you are swedes right?
(19:46 / All) Spectah: fucking shitstain county
(19:49 / All) iggy_the_fisk: towers dont move you know
(19:55 / All) iggy_the_fisk: pretty easy to kill
(20:19 / All) Spectah: well last time we played you you only won because you lamed on that unreachable cliff
(20:22 / All) iggy_the_fisk: idiot pink
(20:27 / All) onkelarne.se: and how about this game?
(20:36 / All) iggy_the_fisk: why did we win this game?
(20:36 / All) Spectah: and we wouldn't have lost
(20:53 / All) Spectah: but we actually have something to do with our time
(20:56 / All) Spectah: unlike you swedes
(21:06 / All) iggy_the_fisk: you mean losing games?
(21:08 / All) iggy_the_fisk: for 4 hours?
(21:10 / All) iggy_the_fisk: i saw on youtube
(21:17 / All) iggy_the_fisk: that's a good use of time
(22:40 / All) Spectah: well
(23:35 / All) friends4friends: mikasa es dead casa
(23:59 / All) Spectah: nice try with your expansion
(24:03 / All) iggy_the_fisk: thx
(24:10 / All) iggy_the_fisk: that's how I keep winnin
(24:25 / All) Spectah: nice try bladstorm
(24:35 / All) Spectah: you know that doesn't affect invincible units
(24:50 / All) Spectah: you know what invulnerable means?
(35:29 / All) friends4friends: fuck u asholes
(45:38 / All) iggy_the_fisk: real proud you win because of some bullshit siege rush?
(46:07 / All) Spectah: again
(46:12 / All) friends4friends: what
(46:16 / All) iggy_the_fisk: youtube.com/highperch
(46:56 / All) Spectah: is gays sex a school subject in sweden?
(47:05 / All) Spectah: because you sure are good at that
(47:11 / All) iggy_the_fisk: how so?
(47:18 / All) iggy_the_fisk: all you've seen me do is win warcraft 3 games
(47:27 / All) Spectah: "win"
(47:34 / All) iggy_the_fisk: just win
(47:36 / All) iggy_the_fisk: Straight up wins
(47:39 / All) Spectah: "win"
(47:39 / All) iggy_the_fisk: I win you lose
(47:56 / All) iggy_the_fisk: documented at youtube.com/highperch
(50:18 / All) iggy_the_fisk: those are some expensive reveals
(50:40 / All) Spectah: you know what isn't expensive?
(51:00 / All) iggy_the_fisk: staff & laugh
(51:03 / All) iggy_the_fisk: the one true free getaway
(69:07 / All) Spectah: srew you guys
(69:10 / All) Spectah: screw
(69:13 / All) friends4friends: srew u
(69:20 / All) Spectah: way to go
(93:20 / All) onkelarne.se: have you figured out how 2 win?
(96:33 / All) onkelarne.se: so. u lost to us again
(96:36 / All) onkelarne.se: what did u learn?
(99:28 / All) onkelarne.se: i know where you live
(101:01 / All) Order_66: you only win last time and now, because my friends have to work next day and can't play whole night. if we not attack
(101:06 / All) onkelarne.se: hahaha
(101:09 / All) iggy_the_fisk: then you still lose
(101:10 / All) Order_66: you cant win either
(101:17 / All) iggy_the_fisk: there's no way we can't win
(101:41 / All) iggy_the_fisk: tomorrow at work... I'll think of how I won this game
(101:45 / All) iggy_the_fisk: and upon my face?
(101:46 / All) Order_66: if we dont attack and wait for hours you cant win either
(101:47 / All) iggy_the_fisk: :)
(101:58 / All) iggy_the_fisk: it's actually very easy to attack towers
(101:58 / All) onkelarne.se: if you really think that's ttrue
(102:02 / All) onkelarne.se: you are worse at this game than we thought
(102:04 / All) iggy_the_fisk: they don't move
(102:38 / All) iggy_the_fisk: you lose again